 Dungeon Crawl Stone Soup version 0.18.1-47-g9310371 (webtiles) character file.

4428 sarahorange the Grappler (level 10, -13/98 HPs)
             Began as a Troll Monk on June 20, 2016.
             Was an Elder of Trog.
             Mangled by an eight-headed hydra (17 damage)
             ... on level 1 of the Lair of Beasts on June 21, 2016.
             The game lasted 01:02:02 (8455 turns).

sarahorange the Grappler (Troll Monk)               Turns: 8455, Time: 01:02:03

Health: -13/98     AC:  7    Str: 21    XL:     10   Next: 14%
Magic:  9/9        EV: 14    Int: 10    God:    Trog [****..]
Gold:   598        SH:  0    Dex: 15    Spells: 0 memorised, 9 levels left

rFire  . . .     SeeInvis .     v - +10 mace of Rosm {speed, Int+4}
rCold  . . .     Gourm    +     a - +0 robe
rNeg   . . .     Faith    .     (no shield)
rPois  .         Spirit   .     (helmet restricted)
rElec  .         Dismiss  .     z - +1 cloak
rCorr  .         Reflect  .     (gloves unavailable)
SustAt .         Harm     .     (boots unavailable)
MR     .....                    (no amulet)
Stlth  ++........               (no ring)
                                (no ring)

@: about to teleport, not resistant to hostile enchantments, unstealthy
A: unfitting armour, claws 3, fast metabolism 3, gourmand, regeneration 2,
shaggy fur 1, tough skin 2
a: Berserk, Trog's Hand, Brothers in Arms, Burn Spellbooks, Renounce Religion


You were on level 1 of the Lair of Beasts.
You worshipped Trog.
Trog was greatly pleased with you.
You were very full.

You visited 2 branches of the dungeon, and saw 9 of its levels.
You also visited: Sewer.

You collected 598 gold pieces.

Inventory:

Hand Weapons
 v - the +10 mace of Rosm (weapon) {speed, Int+4}
   (You found it on level 4 of the Dungeon)

   Attacks with this weapon are significantly faster.
   It affects your intelligence (+4).
 D - a +3 quarterstaff of chaos
Missiles
 g - 276 stones
 y - 3 tomahawks (quivered)
 F - a throwing net
Armour
 a - a +0 robe (worn)
 i - a +0 robe
 z - a +1 cloak (worn)
Jewellery
 q - an uncursed ring of flight
Wands
 d - a wand of polymorph (11/24)
 x - a wand of lightning (5/15)
 A - a wand of heal wounds (3/9)
Scrolls
 f - 5 scrolls of identify
 h - a scroll of blinking
 n - a scroll of enchant armour
 r - a scroll of recharging {unknown}
 u - a scroll of magic mapping
 w - a scroll of remove curse
 B - 5 scrolls of teleportation
Potions
 c - 2 potions of haste
 e - 3 potions of ambrosia
 j - 4 potions of brilliance
 k - 2 potions of resistance {unknown}
 m - a potion of invisibility {unknown}
 o - 2 potions of lignification
 p - a potion of degeneration {unknown}
 t - a potion of agility {unknown}
 C - a potion of might {unknown}
 E - a potion of curing
 I - a potion of cancellation {unknown}
 K - a potion of berserk rage {unknown}
Comestibles
 b - 10 bread rations
 l - 4 meat rations
 s - 7 fruits
 G - 7 beef jerkies
 H - a slice of pizza
 J - 6 chunks of flesh


   Skills:
 + Level 5.7 Fighting
 + Level 3.3 Throwing
 + Level 7.6 Dodging
 + Level 3.7 Stealth
 + Level 9.1 Unarmed Combat


You had 9 spell levels left.
You didn't know any spells.

Dungeon Overview and Level Annotations

Branches:
Dungeon (8/15)             Temple (0/1) D:7            Lair (1/8) D:8

Altars:
Cheibriados
Elyvilon
Fedhas
Kikubaaqudgha
Makhleb
Nemelex Xobeh
Pakellas
Qazlal
Ru
Sif Muna
Trog


Innate Abilities, Weirdness & Mutations

You are too large for most types of armour.
You have claws for hands.
Your metabolism is lightning-fast.
You like to eat raw meat.
You heal very quickly.
You are covered in fur (AC +1).
You have very tough skin (AC +2).


Message History

The eight-headed hydra barely misses you.
The eight-headed hydra bites you.
* * * LOW HITPOINT WARNING * * *
The eight-headed hydra barely misses you.
The eight-headed hydra closely misses you.
The eight-headed hydra bites you!
* * * LOW HITPOINT WARNING * * *
Zapping:
A - a wand of heal wounds (4/9)
Press: ? - help, Shift-Dir - straight line, f - you You feel much better.
This wand has 3 charges left.
The eight-headed hydra misses you. The eight-headed hydra bites you.
The eight-headed hydra bites you!
* * * LOW HITPOINT WARNING * * *
The eight-headed hydra closely misses you.
The eight-headed hydra bites you!
* * * LOW HITPOINT WARNING * * *
The eight-headed hydra bites you!
* * * LOW HITPOINT WARNING * * *
The eight-headed hydra bites you!
You die...

..................#.#
...........≈≈≈≈≈≈...#
...........≈≈≈≈≈≈...#
...........≈###≈≈Y#.#
...........≈# #≈Y...#
...........≈###≈Y.#.##
....#......≈≈≈≈≈≈....#
.............D....#.....#
....###..####@#.####....#
.... #.## ##### ....# #.#
.....# ...........#
....## .....#..P#..P# ..#
.... #P.## .... ..# ##..
.$. # ### .. #


You could see an eight-headed hydra and 3 yaks.

Vanquished Creatures
  Maurice (D:8)
  The ghost of Rationalist the Chopper, a novice MiBe of Trog (D:4)
  The ghost of jennos the Spear-Bearer, a novice MfGl of Makhleb (D:6)
  A komodo dragon (D:8)
  A hippogriff (D:8)
  A water moccasin (D:7)
  A porcupine (Lair:1)
  2 ice beasts
  A black bear (D:7)
  2 orc warriors
  5 wolves (Lair:1)
  5 ogres
  3 centaurs
  A big kobold (D:7)
  3 giant frogs
  2 scorpions
  2 howler monkeys
  A crimson imp (D:8)
  4 hounds
  A jelly (D:6)
  Crazy Yiuf (D:7)
  3 orc priests
  A centaur skeleton (D:6)
  A gnoll shaman (D:5)
  5 orc wizards
  An iguana (D:6)
  3 worker ants
  5 sheep (Lair:1)
  A hound skeleton (D:3)
  2 worker ant zombies (D:6)
  6 gnolls
  11 adders
  An ooze (D:7)
  3 adder skeletons
  A worm (D:4)
  3 dart slugs
  A giant gecko (D:7)
  11 orcs
  5 ball pythons
  3 giant cockroaches (D:6)
  A goblin (D:1)
  4 hobgoblins
  10 jackals
  4 quokkas
  4 bats
  A giant gecko skeleton (D:5)
  5 giant newts
  A jackal skeleton (D:6)
  14 kobolds
  A quokka skeleton (D:6)
  A quokka zombie (D:5)
  2 rats
  7 plants (Sewer)
162 creatures vanquished.

Vanquished Creatures (others)
  A plant (D:8)
1 creature vanquished.

Grand Total: 163 creatures vanquished

Notes
Turn   | Place    | Note
--------------------------------------------------------------
     0 | D:1      | sarahorange the Troll Monk began the quest for the Orb.
     0 | D:1      | Reached XP level 1. HP: 22/22 MP: 0/0
   898 | D:2      | Reached XP level 2. HP: 29/29 MP: 1/1
   904 | D:2      | Found a deep blue altar of Sif Muna.
  1043 | D:2      | Found a burning altar of Makhleb.
  1719 | D:2      | Reached XP level 3. HP: 36/36 MP: 2/2
  2066 | D:4      | Found a sacrificial altar of Ru.
  2124 | D:4      | Got a crystal mace
  2170 | D:4      | Reached skill level 5 in Unarmed Combat
  2170 | D:4      | Reached XP level 4. HP: 44/44 MP: 3/3
  2217 | D:4      | Noticed Rationalist's ghost (novice MiBe)
  2338 | D:4      | Killed Rationalist's ghost
  2338 | D:4      | Reached skill level 6 in Unarmed Combat
  2338 | D:4      | Reached XP level 5. HP: 30/53 MP: 4/4
  2338 | D:4      | Reached XP level 6. HP: 34/61 MP: 5/5
  2509 | D:3      | Reached skill level 1 in Throwing
  2533 | D:4      | Reached XP level 7. HP: 56/67 MP: 6/6
  2732 | D:4      | Found a burning altar of Makhleb.
  2732 | D:4      | Noticed a balrug
  3017 | D:4      | Found an oddly glowing altar of Pakellas.
  3125 | D:5      | Entered Level 5 of the Dungeon
  3527 | D:5      | Found a bloodstained altar of Trog.
  3544 | D:5      | Became a worshipper of Trog the Wrathful
  3544 | D:5      | Reached * piety under Trog
  3544 | D:5      | Reached ** piety under Trog
  4250 | D:6      | Found a glowing drain.
  4324 | Sewer    | Entered a sewer
  4610 | Sewer    | Reached skill level 7 in Unarmed Combat
  4626 | Sewer    | Reached XP level 8. HP: 78/78 MP: 7/7
  5331 | D:6      | Noticed jennos's ghost (novice MfGl)
  5362 | D:6      | Killed jennos's ghost
  5362 | D:6      | Reached skill level 5 in Dodging
  5467 | D:6      | Found an ancient bone altar of Kikubaaqudgha.
  6082 | D:7      | Found a blossoming altar of Fedhas.
  6284 | D:7      | Found a stormy altar of Qazlal.
  6332 | D:7      | Found a white marble altar of Elyvilon.
  6373 | D:7      | Found a staircase to the Ecumenical Temple.
  6410 | D:7      | Reached XP level 9. HP: 81/85 MP: 8/8
  6602 | D:7      | Noticed Crazy Yiuf
  6608 | D:7      | Killed Crazy Yiuf
  6836 | D:7      | Reached *** piety under Trog
  7015 | D:7      | Reached skill level 8 in Unarmed Combat
  7195 | D:7      | Found a sparkling altar of Nemelex Xobeh.
  7420 | D:8      | Noticed Maurice
  7433 | D:8      | Killed Maurice
  7433 | D:8      | Reached skill level 5 in Fighting
  7488 | D:8      | Found a snail-covered altar of Cheibriados.
  8007 | D:8      | Found a staircase to the Lair.
  8007 | D:8      | Noticed a komodo dragon
  8031 | D:8      | Killed a komodo dragon
  8109 | Lair:1   | Entered Level 1 of the Lair of Beasts
  8185 | Lair:1   | Reached XP level 10. HP: 74/97 MP: 9/9
  8204 | Lair:1   | Reached skill level 9 in Unarmed Combat
  8282 | Lair:1   | Reached **** piety under Trog
  8421 | Lair:1   | Noticed an eight-headed hydra
  8424 | Lair:1   | Identified the +10 mace of Rosm {speed, Int+4} (You found it on level 4 of the Dungeon)
  8453 | Lair:1   | HP: 2/98 [eight-headed hydra (10)]
  8455 | Lair:1   | Mangled by an eight-headed hydra

Skill      XL: |  1  2  3  4  5  6  7  8  9 10 |
---------------+-------------------------------+-----
Unarmed Combat | 5 6 7 8 9 |  9.1
Dodging        | 3 4 5 7 |  7.6
Fighting       | 3 4 5 |  5.7
Throwing       | 1 2 3 |  3.3
Stealth        | 2 3 |  3.7

Action                   |  1- 3 |  4- 6 |  7- 9 | 10-12 || total
-------------------------+-------+-------+-------+-------++-------
Melee: Unarmed           |    53 |    44 |   431 |    35 ||   563
       Punch             |     1 |     2 |    18 |     1 ||    22
       Mace              |       |       |       |     2 ||     2
Throw: Stone             |    10 |     7 |     3 |       ||    20
       Tomahawk          |       |       |    29 |       ||    29
Invok: Trog's Hand       |       |       |     2 |       ||     2
       Burn Spellbooks   |       |       |     2 |       ||     2
Evoke: Wand              |       |       |       |     1 ||     1
  Use: Scroll            |     1 |       |    12 |     2 ||    15
       Potion            |       |       |     4 |       ||     4
 Stab: Sleeping          |     1 |       |     5 |       ||     6
  Eat: Chunk             |    15 |     2 |    56 |     1 ||    74
       Meat ration       |     1 |       |     1 |       ||     2
Armor: Robe              |    17 |    13 |    62 |    16 ||   108
Dodge: Dodged            |    28 |    15 |   195 |    54 ||   292
